 Dungeon Crawl Stone Soup version 0.26-a0-689-gc93c913f66 (webtiles) character file.

Game seed: 7896607226929456167

25 GarryLv the Insei (level 3, -1/23 HPs)
             Began as an Octopode Transmuter on Oct 23, 2020.
             Slain by a goblin (4 damage)
             ... on level 1 of the Dungeon.
             The game lasted 00:03:48 (932 turns).

GarryLv the Insei (Octopode Transmuter)              Turns: 932, Time: 00:03:49

Health: -1/23      AC:  1    Str:  9    XL:     3   Next: 4%
Magic:  6/6        EV: 13    Int: 15    God:
Gold:   5          SH:  0    Dex: 13    Spells: 5/6 levels left

rFire    . . .     SeeInvis .     - Unarmed
rCold    . . .     Faith    .   (no shield)
rNeg     . . .     Spirit   .   (helmet restricted)
rPois    .         Reflect  .   (no amulet)
rElec    .         Harm     .   (no ring)
rCorr    .         Rampage  .   (no ring)
MR       .....                  (no ring)
Stlth    ++........             (no ring)
HPRegen  0.07/turn              (no ring)
MPRegen  0.10/turn              (no ring)
                                (no ring)
                                (no ring)

@: no status effects
A: almost no armour, stealthy swim, amphibious, 8 rings, constrict 8, camouflage
1, gelatinous body 1
a: no special abilities


You were on level 1 of the Dungeon.
You visited 1 branch of the dungeon, and saw 1 of its levels.

You collected 5 gold pieces.

Inventory:

Scrolls
 a - a scroll of identify


   Skills:
 + Level 1.0 Fighting
 + Level 2.3 Dodging
 + Level 3.5 Unarmed Combat
 + Level 2.2 Spellcasting
 + Level 2.1 Transmutations


You had 5 spell levels left.
You knew the following spells:

 Your Spells              Type           Power        Failure   Level
a - Beastly Appendage     Tmut           #.....       9%          1

Your spell library contained the following spells:

 Spells                   Type           Power        Failure   Level
 Wereblood                Tmut           #.......     14%         2
 Spider Form              Tmut/Pois      #.........   38%         3
 Ice Form                 Ice/Tmut       #.......     80%         4
 Blade Hands              Tmut           #.........   94%         5


Dungeon Overview and Level Annotations

Branches:
Dungeon (1/15)

Altars:


Innate Abilities, Weirdness & Mutations

You cannot wear most types of armour.
You are very stealthy in the water. (Stealth+)
You are amphibious.
You can wear up to eight rings at the same time.
You can use your tentacles to constrict eight enemies at once.
Your skin changes colour to match your surroundings (Stealth+).
Your rubbery body absorbs attacks. (AC +1, EV +1)


Message History

You tentacle-slap the jackal but do no damage.
You constrict the jackal, but do no damage.
The jackal bites you.
* * * LOW HITPOINT WARNING * * *
The goblin closely misses you.
You tentacle-slap the jackal. x2
You kill the jackal!
You have reached level 3!
Your experience leads to an increase in your attributes!
Increase (S)trength, (I)ntelligence, or (D)exterity?
You feel agile. The goblin hits you.
* * * LOW HITPOINT WARNING * * *
The goblin barely misses you.
You barely miss the goblin. Your grab misses the goblin. The goblin hits you.
* * * LOW HITPOINT WARNING * * *
You barely miss the goblin. You grab the goblin. You squeeze the goblin.
You kill the goblin!
The goblin hits you.
You die...

#PPP#.#PPP#.# #####.#####.#
+....<....+.. ##
#####.#####.. .#
#PPP#.#PPP#.. ..
#P⌠P#.#P⌠P#.. .#
#PPP#.#PPP#.## .#
#####+#####.##.#####.##.#
).. ........##..@.......#
####..# ##....g††#.#######
###.... ..#.......#.......#
....####..#.......#..####.#
....#.............#..###
....#..#..#.......#....#
##..#..#..#.......##.#.# #
#........#..........#.##.#
#.#...#### #.#####......#


You could see a goblin.

Vanquished Creatures
  A dart slug (D:1)
  A bat (D:1)
  6 goblins (D:1)
  3 hobgoblins (D:1)
  4 jackals (D:1)
  2 frilled lizards (D:1)
  2 rats (D:1)
19 creatures vanquished.

Notes
Turn   | Place    | Note
-------+----------+-------------------------------------------
     0 | D:1      | GarryLv the Octopode Transmuter began the quest for the
                  | Orb.
     0 | D:1      | Reached XP level 1. HP: 13/13 MP: 3/3
   475 | D:1      | Reached XP level 2. HP: 15/18 MP: 3/5
   930 | D:1      | Reached XP level 3. HP: 6/23 MP: 6/6
   932 | D:1      | Slain by a goblin

Illustrated notes

Levels and vault maps discovered:
D:1:      beargit_arrival_greenhouse, layout_loops_cross, grunt_decor_cap

Action                   || total
-------------------------++-------
Melee: Unarmed           ||    38
       Constrict         ||    13
       Kick              ||     4
       Tentacles         ||     7
       Punch             ||     1
 Cast: Beastly Appendage ||     5
  Use: Scroll            ||     5
Dodge: Dodged            ||    23

Table legend: (Time is in decaauts)
 A = Elapsed time spent in this place.
 B = Non-inter-level travel time spent in this place.
 C = Inter-level travel time spent in this place.
 D = Time resting spent in this place.
 E = Time spent auto-exploring this place.
 F = Levels seen in this place.
 G = Mean time per level.
                   A        B        C        D        E       F      G
               +--------+--------+--------+--------+--------+-----+--------+
         Total |    929 |    822 |    107 |    489 |      0 |   1 |  929.0 |
       Dungeon |    929 |    822 |    107 |    489 |      0 |   1 |  929.0 |
               +--------+--------+--------+--------+--------+-----+--------+

Top non-repeatable levels by time:
     D:1: 929 daAuts
